 Dungeon Crawl Stone Soup version 0.28.0-53-g5a82cb258f (webtiles) character file.

Game seed: 2245771489335176793

261 nickcage the Slasher (level 6, -1/47 HPs)
             Began as a Formicid Gladiator on June 27, 2022.
             Slain by an orc wizard
             ... wielding a +0 dagger
              (3 damage)
             ... on level 5 of the Dungeon.
             The game lasted 00:08:51 (3545 turns).

nickcage the Slasher (Formicid Gladiator)           Turns: 3545, Time: 00:08:51

Health: -1/47      AC:  7    Str: 21    XL:     6   Next: 41%
Magic:  6/6        EV: 10    Int: 10    God:
Gold:   172        SH:  0    Dex: 12    Spells: 5/5 levels left

rFire   . . .      SeeInvis +   g - +0 lajatang (pain)
rCold   . . .      Faith    .   (no shield)
rNeg    + . .      Spirit   .   o - +0 scale mail
rPois   +          Reflect  .   (helmet unavailable)
rElec   .          Harm     .   (no cloak)
rCorr   .          Rampage  .   l - +0 pair of gloves of Iticropt {rPois Int+3}
Will    .....                   (no boots)
Stlth   ..........              n - amulet of regeneration
HPRegen 0.95/turn               d - ring of positive energy
MPRegen 0.10/turn               (no ring)

@: no status effects
A: permanent stasis, dig shafts and tunnels, antennae 3, four strong arms
a: Dig, Shaft Self


You were on level 5 of the Dungeon.
You visited 1 branch of the dungeon, and saw 5 of its levels.

You collected 172 gold pieces.

Inventory:

Hand Weapons
 a - a +0 long sword
 g - a +0 lajatang of pain (weapon)
Missiles
 c - 3 throwing nets
 f - 2 poisoned darts (quivered)
Armour
 b - a +0 leather armour
 j - a +1 pair of gloves
 k - a +0 ring mail
 l - the +0 pair of gloves of Iticropt (worn) {rPois Int+3}
   (You found it on level 2 of the Dungeon)

   Int:       It affects your intelligence (+3).
   rPois:     It protects you from poison.
 o - a +0 scale mail (worn)
Jewellery
 d - a ring of positive energy (left hand)
 n - an amulet of regeneration (around neck)
 q - an amulet of faith
Scrolls
 e - 5 scrolls of identify
 h - 2 scrolls of vulnerability {unknown}
 i - 2 scrolls of fog
 m - a scroll of amnesia


   Skills:
 + Level 3.3 Fighting
 - Level 5.7 Long Blades
 * Level 2.2 Staves
 - Level 2.0 Throwing
 - Level 2.6 Dodging


You had 5 spell levels left.
You didn't know any spells.
Your spell library contained the following spells:

 Spells                   Type           Power      Damage    Failure   Level
 Slow                     Hex            0%         N/A       73%         1
 Confusing Touch          Hex            0%         N/A       97%         3
 Vampiric Draining        Necr           0%         2d6       97%         3
 Manifold Assault         Tloc           0%         N/A       100%        5
 Storm Form               Tmut/Air       0%         N/A       100%        7
 Blink                    Tloc           Unusable   N/A       N/A         2

Dungeon Overview and Level Annotations

Branches:
Dungeon (5/15)
 Temple: D:4-7

Altars:
Cheibriados
Fedhas

Annotations:
D:2 Robin


Innate Abilities, Weirdness & Mutations

You cannot be hasted, slowed, berserked, paralysed or teleported.
You can dig through walls and to a lower floor.
You have a pair of large antennae on your head. (SInv)
Your four strong arms can wield two-handed weapons with a shield.


Message History

An orc wizard comes into view. It is wielding a +0 dagger.
You hit the orc.
The orc is almost dead.
The orc hits you but does no damage.
The orc wizard gestures at you while chanting.
You resist with some effort. The orc hits you with a +0 mace.
You barely miss the orc.
The orc is almost dead.
The orc closely misses you.
You slice the orc!!
You kill the orc!
You barely miss the orc wizard. The orc wizard closely misses you.
The orc priest calls down the wrath of Beogh upon you.
Beogh smites you!
The orc wizard hits you but does no damage.
You closely miss the orc wizard.
The orc priest casts a cantrip, but nothing happens.
The orc wizard hits you but does no damage.
You hit the orc wizard.
The orc wizard is lightly wounded.
The orc wizard barely misses you. The orc priest hits you with a +0 whip.
You closely miss the orc wizard.
The orc wizard is lightly wounded.
The orc priest invokes the aid of Beogh against you.
Pain shoots through your body! The orc wizard casts a spell at you.
You resist with some effort.
The orc wizard hits you with a +0 dagger.
You closely miss the orc priest.
The orc wizard hits you but does no damage.
The orc priest invokes the aid of Beogh against you.
Pain shoots through your body!
The orc wizard mumbles some strange words.
The orc wizard flickers and vanishes for a moment.
The orc priest mumbles some strange prayers to Beogh against you.
Beogh smites you!
* * * LOW HITPOINT WARNING * * *
The orc wizard closely misses you.
The orc wizard hits you with a +0 dagger.
You die...

#.# #.# #.# {
#.# #.# ####.#
#.#..#########
+............#
#o@#########.#
#oo# #<# ..#.#
#.# ##.#.# #.#
# #.# #.# #.#
#.# #.# #.#
#<# #.. #..


You could see an orc priest and 2 orc wizards.

Vanquished Creatures
  A scorpion (D:5)
  2 orc wizards (D:4)
  2 gnolls (D:5)
  6 adders
  3 worms
  2 dart slugs
  4 orcs
  4 ball pythons
  10 endoplasms
  A giant cockroach (D:3)
  6 goblins
  5 hobgoblins
  5 quokkas
  2 bats (D:2)
  A frilled lizard (D:3)
  4 kobolds
  4 rats
62 creatures vanquished.

Notes
Turn   | Place    | Note
-------+----------+-------------------------------------------
     0 | D:1      | nickcage the Formicid Gladiator began the quest for the
                  | Orb.
     0 | D:1      | Reached XP level 1. HP: 16/16 MP: 1/1
   232 | D:1      | Reached XP level 2. HP: 20/22 MP: 2/2
   990 | D:2      | Reached XP level 3. HP: 17/28 MP: 3/3
  1122 | D:2      | Reached skill level 4 in Long Blades
  1557 | D:2      | Identified the +0 pair of gloves of Iticropt {rPois Int+3}
  1657 | D:2      | Reached XP level 4. HP: 15/34 MP: 4/4
  1952 | D:2      | Noticed Robin
  2115 | D:3      | Reached skill level 5 in Long Blades
  2156 | D:3      | Found a snail-covered altar of Cheibriados.
  2605 | D:4      | Reached XP level 5. HP: 39/39 MP: 5/5
  2768 | D:4      | Found a blossoming altar of Fedhas.
  3261 | D:5      | Entered Level 5 of the Dungeon
  3281 | D:5      | Reached skill level 1 in Staves
  3281 | D:5      | Reached XP level 6. HP: 46/47 MP: 6/6
  3421 | D:5      | Noticed an ice beast
  3545 | D:5      | HP: 2/47 [orc priest/divine providence (14)]
  3545 | D:5      | Slain by an orc wizard

Illustrated notes

Levels and vault maps discovered:
D:1:      saegor_arrival_under_anarchy, layout_basic
D:2:      layout_basic, minmay_indecisive_spiral, uniq_robin
D:3:      layout_loops_cross, kennysheep_slug_shrine
D:4:      layout_basic, mainiacjoe_overflow_small_starburst, kennysheep_boxes
D:5:      layout_loops_ring, minmay_temple_entry_poolview, serial_shops,
          kennysheep_mini_moat, minmay_misc_feat_rows, saegor_snake_ambush,
          uniq_blork_the_orc, uniq_edmund

Skill      XL: |  1  2  3  4  5  6 |
---------------+-------------------+-----
Long Blades    | 4 5 |  5.7
Fighting       | 3 |  3.3
Staves         | 1 2 |  2.2
Throwing       | |  2.0
Dodging        | |  2.6

Action                   |  1- 3 |  4- 6 || total
-------------------------+-------+-------++-------
Melee: Long sword        |    95 |    67 ||   162
       Punch             |     1 |     4 ||     5
       Lajatang          |       |    39 ||    39
Throw: Dart              |     5 |    12 ||    17
  Use: Scroll            |       |     7 ||     7
Armor: Leather armour    |    10 |       ||    10
       Ring mail         |    26 |    16 ||    42
       Scale mail        |       |    32 ||    32
Dodge: Dodged            |    60 |    69 ||   129
